 Dungeon Crawl Stone Soup version 0.21-a0-444-g29a2fec (webtiles) character file.

18 slep the Slasher (level 2, -2/16 HPs)
             Began as a Vine Stalker Monk on Nov 18, 2017.
             Slain by an adder (3 damage)
             ... on level 2 of the Dungeon.
             The game lasted 00:01:43 (493 turns).

slep the Slasher (Vine Stalker Monk)                 Turns: 493, Time: 00:01:44

Health: -2/16      AC:  2    Str: 13    XL:     2   Next: 70%
Magic:  0/3        EV: 13    Int: 10    God:
Gold:   51         SH:  0    Dex: 16    Spells: 1/1 levels left

rFire    . . .     SeeInvis .   a - +0 falchion
rCold    . . .     Gourm    .   (no shield)
rNeg     . . .     Faith    .   b - +0 robe
rPois    .         Spirit   +   (no helmet)
rElec    .         Reflect  .   (no cloak)
rCorr    .         Harm     .   (no gloves)
MR       .....                  (no boots)
Stlth    ++........             (no amulet)
HPRegen  0.05/turn              (no ring)
MPRegen  0.08/turn              (no ring)

@: lethally poisoned (-2 -> -12)
A: fangs 2, magic shield, antimagic bite, no potion heal 3, rot immunity
a: no special abilities


You were on level 2 of the Dungeon.
You were not hungry.

You visited 1 branch of the dungeon, and saw 2 of its levels.

You collected 51 gold pieces.

Inventory:

Hand Weapons
 a - a +0 falchion (weapon)
 f - a +0 short sword of speed
Armour
 b - a +0 robe (worn)
Scrolls
 d - a scroll of identify {unknown}
 e - a scroll of teleportation {unknown}
Potions
 g - a potion of berserk rage {unknown}
Comestibles
 c - a bread ration


   Skills:
 + Level 2.9 Fighting
 + Level 2.9 Long Blades
 + Level 2.7 Dodging
 + Level 2.6 Stealth


You had one spell level left.
You didn't know any spells.

Dungeon Overview and Level Annotations

Branches:
Dungeon (2/15)

Altars:


Innate Abilities, Weirdness & Mutations

You have extremely sharp teeth.
When hurt, damage is shared between your health and your magic reserves.
Your bite disrupts and absorbs the magic of your enemies.
Potions cannot restore your health.
You are immune to rotting.


Message History

You closely miss the adder. Your bite misses the adder.
The adder is severely wounded.
The goblin closely misses you.
You riposte.
You barely miss the goblin. The adder barely misses you. The rat bites you.
The goblin hits you but does no damage.
You closely miss the adder. Your bite misses the adder.
The adder is severely wounded.
* * * LOW HITPOINT WARNING * * *
You feel sick. The adder bites you.
* * * LOW HITPOINT WARNING * * *
You are more poisoned.
The adder poisons you! The adder misses you. The rat misses you.
The adder misses you. The adder barely misses you.
The goblin closely misses you.
You riposte.
You hit the goblin.
You kill the goblin!
You closely miss the adder.
The adder is severely wounded.
The adder closely misses you.
You riposte.
You closely miss the adder. The adder bites you.
You die...

##########
#........#
#........#
#........#
#......).#
#........##########
#..................
#..."S@S...<.#
#....r...###.#
#........# .#
#........# ..
########## ###


You could see 2 adders and a rat.

Vanquished Creatures
  A dart slug (D:1)
  2 leopard geckos (D:1)
  A giant cockroach (D:2)
  3 goblins
  A bat (D:1)
  2 kobolds (D:1)
  5 rats (D:1)
15 creatures vanquished.

Notes
Turn   | Place    | Note
-------+----------+-------------------------------------------
     0 | D:1      | slep the Vine Stalker Monk began the quest for the Orb.
     0 | D:1      | Reached XP level 1. HP: 11/11 MP: 2/2
   134 | D:1      | Reached XP level 2. HP: 14/16 MP: 1/3
   493 | D:2      | Slain by an adder

Vault maps used:
D:1:      minmay_arrival_four_circles
D:2:      uniq_robin, uniq_natasha, uniq_crazy_yiuf_cottage

Action                   || total
-------------------------++-------
Melee: Falchion          ||    34
       Bite              ||     9
 Stab: Sleeping          ||     4
Armor: Robe              ||     7
Dodge: Dodged            ||    35
       Rpst.: Falchion   ||    11

Table legend:
 A = Spawn XP
 B = Non-spawn XP
 C = Spawn XP percentage of total XP
 D = Spawn monster count
 E = Non-spawn monster count
 F = Spawn count percentage of total count
 G = Total turns spent on level
                    A         B        C        D         E        F      G
               +---------+---------+-------+---------+---------+-------+---------
         Total |       0 |      27 |   0.0 |       0 |      15 |   0.0 |   493
               +---------+---------+-------+---------+---------+-------+---------
           D:1 |       0 |      23 |   0.0 |       0 |      13 |   0.0 |   471
           D:2 |       0 |       4 |   0.0 |       0 |       2 |   0.0 |    22
               +---------+---------+-------+---------+---------+-------+---------
